 Dungeon Crawl Stone Soup version 0.29-a0-25-g7f48f510a0 (webtiles) character file.

Game seed: 14416803177075743398

226 Wyvernaa the Cudgeller (level 5, 0/41 HPs)
             Began as a Demonspawn Fighter on Jan 31, 2022.
             Was an Initiate of Makhleb.
             Slain by a gnoll (4 damage)
             ... on level 4 of the Dungeon.
             The game lasted 00:08:21 (3039 turns).

Wyvernaa the Cudgeller (Demonspawn Fighter)         Turns: 3039, Time: 00:08:21

Health: 0/41       AC:  8    Str: 19    XL:     5   Next: 69%
Magic:  5/5        EV:  9    Int:  9    God:    Makhleb [......]
Gold:   74         SH:  0    Dex: 12    Spells: 4/4 levels left

rFire   . . .      SeeInvis .   a - +1 flail
rCold   . . .      Faith    .   (no shield)
rNeg    . . .      Spirit   .   b - +0 scale mail
rPois   .          Reflect  .   (no helmet)
rElec   .          Harm     .   (no cloak)
rCorr   .          Rampage  .   (no gloves)
Will    .....                   (no boots)
Stlth   ..........              (no amulet)
HPRegen 0.13/turn               e - ring of wizardry
MPRegen 0.09/turn               l - ring of wizardry

@: mighty
A: yellow scales 1, demonic magic 1, demonic touch 1
a: Renounce Religion


You were on level 4 of the Dungeon.
You worshipped Makhleb.
Makhleb was noncommittal.
You visited 1 branch of the dungeon, and saw 4 of its levels.

You collected 74 gold pieces.

Inventory:

Hand Weapons
 a - a +1 flail (weapon)
Armour
 b - a +0 scale mail (worn)
 c - a +0 buckler
Jewellery
 e - a ring of wizardry (left hand)
 l - a ring of wizardry (right hand)
Potions
 d - 3 potions of might
 f - a potion of mutation {unknown}
 g - a potion of curing {unknown}
 h - a potion of degeneration {unknown}
 i - a potion of lignification {unknown}
 j - a potion of invisibility {unknown}


   Skills:
 + Level 3.4 Fighting
 * Level 4.0 Maces & Flails
 + Level 3.1 Armour
 + Level 0.6 Dodging
 + Level 0.2 Stealth
 - Level 3.0 Shields
 * Level 1.4 Unarmed Combat
 * Level 1.1 Invocations


You had 4 spell levels left.
You didn't know any spells.
Your spell library was empty.

Dungeon Overview and Level Annotations

Branches:
Dungeon (4/15)
 Temple: D:4-7

Altars:
Cheibriados
Makhleb
Qazlal
Vehumet
Wu Jian


Innate Abilities, Weirdness & Mutations

You are partially covered in yellow scales. (AC +2)
Spells you cast may paralyse adjacent enemies.
Your touch may inflict minor irresistible damage on your foes.


Message History

You sock the gnoll shaman!
You kill the gnoll shaman!
Makhleb accepts your kill.
The gnoll hits you from afar with a +0 spear.
The gnoll hits you with a +0 club.
* * * LOW HITPOINT WARNING * * *
Your Maces & Flails skill increases to level 4!
Blink to where?
Press: ? - help, Dir - move target
As you read the scroll labelled TAMOJO HONESCH, it crumbles to dust.
It was a scroll of blinking.
As you read the scroll labelled GEZOEDGH NELUCLU, it crumbles to dust.
It is a scroll of enchant weapon.
Your +0 flail glows red for a moment.
The gnoll barely misses you. The gnoll hits you with a +0 club.
* * * LOW HITPOINT WARNING * * *
The gnoll hits you with a +0 club.
* * * LOW HITPOINT WARNING * * *
You see here an adder skeleton.
The gnoll hits you but does no damage.
You closely miss the gnoll.
You are no longer glowing.
The gnoll hits you but does no damage. x2
You hit the gnoll.
The gnoll is moderately wounded.
The gnoll barely misses you.
Okay, then.
You feel very mighty all of a sudden. The gnoll completely misses you.
The gnoll hits you but does no damage.
The gnoll hits you from afar with a +0 spear.
* * * LOW HITPOINT WARNING * * *
You hit the gnoll.
You touch the gnoll.
You punch the gnoll.
You kill the gnoll!
Makhleb accepts your kill.
The gnoll throws a stone.
The stone hits you.
* * * LOW HITPOINT WARNING * * *
Your Invocations skill increases to level 1!
The gnoll hits you with a +0 spear.
You die...

#............##..##..(..
#.#####.###..##..##...####
#.# #.# #...####........
#.# #.# #...####.[#.####
#.# #.###....##...#.# #.#
#...##...##...#.# #.#
###.##..####....#### #.#
#.#...####..gg...g #.#
#@#..##..##.g#####
#.#######g#..##..##.g#
#........g..##....##.#
#######.##..##....##.##
............#......#..#
#######.##..#..#...#..#
...............#......#
######.g######.#..##..#
#.g# #g#.....##


You could see 2 gnolls.

Vanquished Creatures
  A gnoll shaman (D:4)
  2 hound skeletons (D:3)
  A howler monkey zombie (D:3)
  A gnoll (D:4)
  8 adders
  An adder zombie (D:3)
  2 worms
  4 dart slugs
  An orc (D:4)
  7 ball pythons
  2 bats
  6 endoplasms
  3 giant cockroaches
  3 hobgoblins
  6 kobolds
  4 quokkas
  5 frilled lizards
  7 goblins
  A quokka zombie (D:3)
  4 rats
69 creatures vanquished.

Vanquished Creatures (others)
  A withered plant (D:3)
1 creature vanquished.

Grand Total: 70 creatures vanquished

Notes
Turn   | Place    | Note
-------+----------+-------------------------------------------
     0 | D:1      | Wyvernaa the Demonspawn Fighter began the quest for the
                  | Orb.
     0 | D:1      | Reached XP level 1. HP: 18/18 MP: 1/1
   405 | D:1      | Gained mutation: You are partially covered in yellow
                  | scales. (AC +2) [demonic ancestry]
   405 | D:1      | Reached XP level 2. HP: 10/24 MP: 2/2
   707 | D:1      | Found a faded altar of an unknown god.
   986 | D:1      | Reached skill level 2 in Maces & Flails
  1143 | D:2      | Gained mutation: Spells you cast may paralyse adjacent
                  | enemies. [demonic ancestry]
  1143 | D:2      | Reached XP level 3. HP: 29/29 MP: 3/3
  1343 | D:2      | Reached skill level 3 in Maces & Flails
  1410 | D:2      | Gained mutation: Your touch may inflict minor irresistible
                  | damage on your foes. [demonic ancestry]
  1410 | D:2      | Reached XP level 4. HP: 35/35 MP: 4/4
  1499 | D:2      | Found a snail-covered altar of Cheibriados.
  2217 | D:3      | Reached XP level 5. HP: 41/41 MP: 5/5
  2244 | D:3      | Reached skill level 1 in Unarmed Combat
  2544 | D:3      | Found a radiant altar of Vehumet.
  2544 | D:3      | Found an ornate altar of the Wu Jian Council.
  2545 | D:3      | Found a stormy altar of Qazlal.
  2549 | D:3      | Found a burning altar of Makhleb.
  2566 | D:3      | Became a worshipper of Makhleb the Destroyer
  3021 | D:4      | Reached skill level 4 in Maces & Flails
  3039 | D:4      | Reached skill level 1 in Invocations
  3039 | D:4      | Slain by a gnoll

Illustrated notes

Levels and vault maps discovered:
D:1:      nicolae_arrival_somewhat_less_tricky_arrival, layout_rooms,
          dreamdust_ecumenical_altar_angels_and_demons, minmay_misc_feat_chi
D:2:      layout_rooms, basic_altar, minmay_indecisive_spiral
D:3:      layout_rooms, minitemple, serial_undead, serial_undead_c,
          serial_undead_d, serial_undead_b, serial_undead_a
D:4:      layout_loops_ring, kennysheep_slug_shrine,
          mainiacjoe_overflow_surrounded_room, minmay_misc_feat_x

Skill      XL: |  1  2  3  4  5 |
---------------+----------------+-----
Shields        | 3 |  3.0
Maces & Flails | 2 3 4 |  4.0
Armour         | 3 |  3.1
Unarmed Combat | 1 |  1.4
Invocations    | 1 |  1.1
Fighting       | |  3.4
Dodging        | |  0.6
Stealth        | |  0.2

Action                   |  1- 3 |  4- 6 || total
-------------------------+-------+-------++-------
Melee: Flail             |   111 |   119 ||   230
       Touch             |       |    15 ||    15
       Punch             |       |     2 ||     2
  Use: Scroll            |       |     2 ||     2
       Potion            |       |     1 ||     1
Armor: Scale mail        |    64 |    59 ||   123
Dodge: Dodged            |    58 |    58 ||   116
Block: Buckler           |    26 |     8 ||    34

Table legend: (Time is in decaauts)
 A = Elapsed time spent in this place.
 B = Non-inter-level travel time spent in this place.
 C = Inter-level travel time spent in this place.
 D = Time resting spent in this place.
 E = Time spent auto-exploring this place.
 F = Levels seen in this place.
 G = Mean time per level.
                   A        B        C        D        E       F      G
               +--------+--------+--------+--------+--------+-----+--------+
         Total |   3104 |   3058 |     46 |    295 |   2085 |   4 |  776.0 |
       Dungeon |   3104 |   3058 |     46 |    295 |   2085 |   4 |  776.0 |
               +--------+--------+--------+--------+--------+-----+--------+

Top non-repeatable levels by time:
     D:1: 1136 daAuts
     D:3: 832 daAuts
     D:2: 816 daAuts
     D:4: 319 daAuts
